 Dungeon Crawl Stone Soup version 0.32-a0-119-g2e8054a333 (webtiles) character file.

Game seed: 9428593191130218367

37 seren the Ruffian (level 3, 0/27 HPs)
             Began as a Demonspawn Shapeshifter on Feb 6, 2024.
             Incinerated by a bombardier beetle (5 damage)
             ... with a burning spray
             ... on level 2 of the Dungeon.
             The game lasted 00:01:56 (1067 turns).

seren the Ruffian (Demonspawn Shapeshifter)         Turns: 1067, Time: 00:01:56

Health: 0/27       AC:  3    Str: 16    XL:     3   Next: 21%
Magic:  3/3        EV: 12    Int: 10    God:
Gold:   112        SH:  0    Dex: 12    Spells: 2/2 levels left

rFire   . .          .
                       - Unarmed
rCold   . . .        (no shield)
rNeg    . . .        j - +1 robe {Will+}
rPois   .            (helmet currently unavailable)
rElec   .            (cloak currently unavailable)
rCorr   .            (gloves currently unavailable)
SInv    .            (boots currently unavailable)
Will    ++...        (no amulet)
Stlth   +            h - ring of willpower
HPRegen 0.24/turn    (no ring)
MPRegen 0.08/turn

%: no passive effects
@: on fire, beast-form, glowing
A: beast (slay +1), weakness stinger 2
a: Begin Untransformation


You were on level 2 of the Dungeon.
You were a hulking beast.
You visited 1 branch of the dungeon, and saw 2 of its levels.

You collected 112 gold pieces.

Inventory:

Armour
 a - a +0 animal skin
 j - a +1 robe of willpower (worn)
Jewellery
 h - a ring of willpower (left hand)
Talismans
 c - a beast talisman
 d - a flux talisman
Scrolls
 e - a scroll of brand weapon {unknown}
 g - 2 scrolls of identify {unknown}
 i - a scroll of teleportation {unknown}
Potions
 b - a potion of lignification
 f - 3 potions of heal wounds {unknown}


   Skills:
 + Level 1.7 Fighting
 + Level 2.2 Dodging
 + Level 3.0 Unarmed Combat
 + Level 3.0 Shapeshifting


You had 2 spell levels left.
You didn't know any spells.
Your spell library was empty.

Dungeon Overview and Level Annotations

Branches:
Dungeon (2/15)

Altars:


Innate Abilities, Weirdness & Mutations

You are a hulking beast.
Your limbs bulge with bestial killing power. (Slay +1)
You have a tail ending in a sharp stinger.


Message History

A jackal is nearby!
A jackal is nearby!
You hit the jackal. You tail-slap the jackal.
You kill the jackal!
No target in view!
The bombardier beetle sprays incendiary fluid at you.
The burning spray hits you.
You are covered in liquid fire!
You barely miss the bombardier beetle. The liquid fire burns you!
You hit the bombardier beetle.
The bombardier beetle is moderately wounded.
The liquid fire burns you!
The bombardier beetle bites you but does no damage.
You hit the bombardier beetle but do no damage.
The bombardier beetle is moderately wounded.
The liquid fire burns you!
* * * LOW HITPOINT WARNING * * *
You hit the bombardier beetle but do no damage.
The bombardier beetle is moderately wounded.
The liquid fire burns you!
* * * LOW HITPOINT WARNING * * *
The bombardier beetle sprays incendiary fluid at you.
The burning spray misses you.
You hit the bombardier beetle but do no damage.
The bombardier beetle is moderately wounded.
The liquid fire burns you!
* * * LOW HITPOINT WARNING * * *
You hit the bombardier beetle.
Your tail-slap misses the bombardier beetle.
The bombardier beetle is moderately wounded.
The liquid fire burns you!
* * * LOW HITPOINT WARNING * * *
The bombardier beetle sprays incendiary fluid at you.
The burning spray hits you.
You are even more covered in liquid fire!
You hit the bombardier beetle but do no damage.
The bombardier beetle is moderately wounded.
The liquid fire burns you!
You die...

#.......# ... ########.......#
....
.(.....#.......#############.....
#.............'†................
#.............##########.######.
+.............# #†# #.
#.............# #.# #.
##......#################.# ####.
..........†....Bh.........# #..†.
##.....####........#.###.####+##.
#..... #..........#.# #..#......
#..... #.#........#.# ##.#......
#...........#.##.##.# #.#......
#....#.#.####.##.##.# #........
######.#. #.##.##.# ###...... # #
#.##.##.# #.#.### #. #.# #....).


You could see a bombardier beetle.

Vanquished Creatures
  A ribbon worm (D:2)
  A dart slug (D:2)
  2 ball pythons
  2 endoplasms
  5 hobgoblins
  5 jackals (D:2)
  A quokka (D:1)
  2 bats (D:1)
  2 frilled lizards (D:2)
  A goblin (D:1)
  3 kobolds (D:1)
  5 rats
30 creatures vanquished.

Notes
Turn   | Place    | Note
-------+----------+-------------------------------------------
     0 | D:1      | seren the Demonspawn Shapeshifter began the quest for the
                  | Orb.
     0 | D:1      | Reached XP level 1. HP: 15/15 MP: 1/1
   145 | D:1      | Discovered your monstrous ancestry.
   145 | D:1      | Gained mutation: You have a small tail. [demonic ancestry]
   145 | D:1      | Reached XP level 2. HP: 20/21 MP: 2/2
   912 | D:2      | Noticed a bombardier beetle
   915 | D:2      | Gained mutation: You have a tail ending in a sharp stinger.
                  | [demonic ancestry]
   915 | D:2      | Reached XP level 3. HP: 27/27 MP: 3/3
  1067 | D:2      | Incinerated by a bombardier beetle

Illustrated notes

Levels and vault maps discovered:
D:1:      saegor_arrival_under_anarchy, layout_basic
D:2:      minmay_general_purpose_star, layout_basic, uniq_sigmund

Skill      XL: |  1  2  3 |
---------------+----------+-----
Dodging        | 2 |  2.2
Unarmed Combat | 3 |  3.0
Shapeshifting  | 3 |  3.0
Fighting       | |  1.7

Action                     || total
---------------------------++-------
  Melee: Unarmed           ||    82
         Tailslap          ||     8
         Punch             ||     2
   Stab: Sleeping          ||     1
 Armour: Animal skin       ||    36
         Robe              ||     1
  Dodge: Dodged            ||    39

Table legend: (Time is in decaauts)
 A = Elapsed time spent in this place.
 B = Non-inter-level travel time spent in this place.
 C = Inter-level travel time spent in this place.
 D = Time resting spent in this place.
 E = Time spent auto-exploring this place.
 F = Levels seen in this place.
 G = Mean time per level.
                   A        B        C        D        E       F      G
               +--------+--------+--------+--------+--------+-----+--------+
         Total |   1062 |   1062 |      0 |     42 |    712 |   2 |  531.0 |
       Dungeon |   1062 |   1062 |      0 |     42 |    712 |   2 |  531.0 |
               +--------+--------+--------+--------+--------+-----+--------+

Top non-repeatable levels by time:
     D:1: 712 daAuts
     D:2: 349 daAuts
